 Dungeon Crawl Stone Soup version 0.24-b1 (webtiles) character file.

Game seed: 7522995575754090692, levelgen mode: deterministic

1344 Arixos the Charmwright (level 8, -1/60 HPs)
             Began as a Vine Stalker Skald on Oct 13, 2019.
             Was a Follower of Ru.
             Slain by a wyvern zombie (6 damage)
             ... on level 7 of the Dungeon.
             The game lasted 00:31:45 (5739 turns).

Arixos the Charmwright (Vine Stalker Skald)         Turns: 5739, Time: 00:31:46

Health: -1/60      AC: 24    Str: 14    XL:     8   Next: 62%
Magic:  0/14       EV:  2    Int: 13    God:    Ru [*.....]
Gold:   292        SH:  0    Dex: 16    Spells: 7/14 levels left

rFire    . . .     SeeInvis .   a - +0 falchion
rCold    . . .     Gourm    +   (no shield)
rNeg     + + +     Faith    .   (armour currently unavailable)
rPois    +         Spirit   +   (helmet currently unavailable)
rElec    .         Reflect  .   (cloak currently unavailable)
rCorr    .         Harm     .   (gloves currently unavailable)
MR       +....     NoTele   +   (boots currently unavailable)
Stlth    +++.......             u - amulet of the gourmand
HPRegen  0.60/turn              (no ring)
MPRegen  0.14/turn              (no ring)

@: tree-form, no scrolls
A: regeneration 1, magic shield, no potion heal 3, rot immunity, inability to
read while threatened
a: Renounce Religion


You were on level 7 of the Dungeon.
You worshipped Ru.
Ru was aware of your devotion.
You were not hungry.
You were a tree.
You visited 2 branches of the dungeon, and saw 8 of its levels.
You also visited: Ossuary.

You collected 292 gold pieces.

Inventory:

Hand Weapons
 a - a +0 falchion (weapon)
Missiles
 g - 8 datura-tipped darts
 r - 37 poisoned darts (quivered)
Armour
 b - a +0 leather armour (melded)
 t - a +1 pair of gloves (melded)
 v - a +2 helmet (melded)
Jewellery
 f - an uncursed amulet of magic regeneration {unknown}
 u - an amulet of the gourmand (around neck)
Scrolls
 c - 6 scrolls of identify
 e - 3 scrolls of teleportation
 h - a scroll of enchant armour
 i - a scroll of random uselessness {unknown}
 l - 2 scrolls of enchant weapon {unknown}
 n - 6 scrolls of remove curse
 o - 3 scrolls of magic mapping
 q - 3 scrolls of fog {unknown}
 y - a scroll of immolation {unknown}
 A - 2 scrolls of amnesia
 B - 2 scrolls of fear {unknown}
Potions
 j - 4 potions of agility {unknown}
 k - 2 potions of resistance
 m - 7 potions of curing
 p - 2 potions of flight
 s - a potion of magic {unknown}
 w - a potion of heal wounds {unknown}
 x - 2 potions of might {unknown}
 z - a potion of degeneration {unknown}
 C - a potion of lignification
Comestibles
 d - 21 rations


   Skills:
 + Level 3.5 Fighting
 + Level 3.5 Long Blades
 + Level 2.9 Armour
 + Level 3.2 Dodging
 + Level 4.3 Stealth
 + Level 3.9 Spellcasting
 + Level 4.4 Charms
 + Level 3.0 Necromancy
 + Level 3.0 Translocations


You had 7 spell levels left.
You knew the following spells:

 Your Spells              Type           Power        Failure   Level  Hunger
a - Song of Slaying       Chrm           ##......     5%          2    ##.....
r - Regeneration          Chrm/Necr      ##........   14%         3    ###....
s - Shroud of Golubria    Chrm/Tloc      ##....       7%          2    ##.....

Your spell library contained the following spells:

 Spells                   Type           Power        Failure   Level  Hunger
 Infusion                 Chrm           ##..         3%          1    None
 Spectral Weapon          Hex/Chrm       #.......     26%         3    ###....


Dungeon Overview and Level Annotations

Branches:
Dungeon (7/15)             Temple (1/1) D:6         Ossuary (visited)

Altars:
Ashenzari
Cheibriados
Elyvilon
Fedhas
Gozag
Hepliaklqana
Kikubaaqudgha
Makhleb
Nemelex Xobeh
Okawaru
Ru
Sif Muna
Trog
Uskayaw
Vehumet
Wu Jian
Xom
Yredelemnul
Zin
The Shining One

Shops:
D:6 ?

Annotations:
D:3 Grinder
D:4 Dowan, Duvessa, Edmund


Innate Abilities, Weirdness & Mutations

((You have razor-sharp teeth.))
Your natural rate of healing is unusually fast.
When hurt, damage is shared between your health and your magic reserves.
((Your bite disrupts and absorbs the magic of your enemies.))
Potions cannot restore your health.
You are immune to rotting.
You cannot read scrolls while threatened.


Message History

Your +1 pair of gloves melds into your body.
Your +0 leather armour melds into your body.
Your roots penetrate the ground.
The wyvern zombie bites you but does no damage.
You hit the wyvern zombie but do no damage.
The wyvern zombie is moderately damaged.
The wyvern zombie bites you!
* * * LOW HITPOINT WARNING * * *
You hit the wyvern zombie but do no damage.
The wyvern zombie is moderately damaged.
The wyvern zombie bites you but does no damage. x2
You hit the wyvern zombie but do no damage.
The wyvern zombie is moderately damaged.
The wyvern zombie bites you.
* * * LOW HITPOINT WARNING * * *
You hit the wyvern zombie.
The wyvern zombie is moderately damaged.
The wyvern zombie bites you but does no damage.
The wyvern zombie bites you.
You die...

,..##.....#.#..###.,#**,,,,,,,,,,
,..#......###.....,.#*.......,,,,
,.........#####.#,#.##.......,,,,
,....#......##..##...........,,,,
*#...##...#..............?...,,,*
,..#..#..###....#..##........,***
*#.#....'#.##....###...<.....,***
*#.....##...##....##.........,,,*
,......,##.##...♣Z...........,,,,
,#.#.##,,###.................,,,,
,...#***,,#..................,,,,
,#..,**,.....................,,,,
*#.,,*,,.........>...........,,,*
,***,,,.##................##.,,,*
,,,,,,***##..##............#,,,,,
,,,*******...,##..........?.,,,,<
,,,,,,*,,,,,,,,**,,,,,,,,,*,,,,**


You could see a wyvern zombie.

Vanquished Creatures
  An ogre (D:4)
  A centaur (D:6)
  3 elf zombies (Ossuary)
  Blork the orc (D:4)
  2 scorpions
  2 crimson imps
  3 hounds
  4 orc priests
  A human zombie (Ossuary)
  A centaur skeleton (D:5)
  3 worker ants
  4 orc wizards (D:5)
  A big kobold zombie (Ossuary)
  2 mummies (Ossuary)
  A worker ant zombie (D:6)
  Robin (D:3)
  7 adders
  2 shadow imps
  An adder zombie (Ossuary)
  A worm (D:5)
  A dart slug (D:2)
  3 leopard geckos
  20 orcs
  A ball python (D:6)
  A giant cockroach (D:2)
  5 hobgoblins
  16 jackals
  9 kobolds
  2 quokkas (D:5)
  7 bats
  3 frilled lizards
  13 goblins
  8 hobgoblin zombies (Ossuary)
  A jackal zombie (Ossuary)
  10 kobold zombies (Ossuary)
  A leopard gecko skeleton (D:7)
  9 orc zombies (Ossuary)
  12 rats
  3 rat zombies (Ossuary)
167 creatures vanquished.

Notes
Turn   | Place    | Note
-------+----------+-------------------------------------------
     0 | D:1      | Arixos the Vine Stalker Skald began the quest for the Orb.
     0 | D:1      | Reached XP level 1. HP: 11/11 MP: 4/4
   147 | D:1      | Reached XP level 2. HP: 10/15 MP: 4/6
   160 | D:1      | Reached skill level 1 in Armour
   164 | D:1      | Learned a level 2 spell: Shroud of Golubria
   781 | D:1      | Reached skill level 1 in Stealth
   880 | D:2      | Found a hide-covered altar of Uskayaw.
   889 | D:2      | Reached XP level 3. HP: 17/18 MP: 4/7
   894 | D:2      | Learned a level 3 spell: Regeneration
  1056 | D:2      | You fall into a shaft and drop 1 floor!
  1393 | D:2      | Found a basalt altar of Yredelemnul.
  1659 | D:3      | Gained mutation: Your natural rate of healing is unusually
                  | fast. [Vine Stalker growth]
  1659 | D:3      | Reached XP level 4. HP: 19/23 MP: 5/8
  1816 | D:3      | Noticed Grinder
  1818 | D:3      | Paralysed by Grinder for 4 turns
  2081 | D:3      | Found a burning altar of Makhleb.
  2144 | D:3      | Noticed Robin
  2168 | D:3      | Killed Robin
  2168 | D:3      | Reached XP level 5. HP: 7/26 MP: 1/9
  2388 | D:3      | Reached skill level 1 in Translocations
  2618 | D:4      | Reached skill level 1 in Necromancy
  2643 | D:4      | Reached XP level 6. HP: 32/32 MP: 11/11
  2647 | D:4      | Learned a level 2 spell: Song of Slaying
  2859 | D:4      | Found a bloodstained altar of Trog.
  2903 | D:4      | Noticed Duvessa
  2903 | D:4      | Noticed Dowan
  2924 | D:4      | Noticed Blork the orc
  2943 | D:4      | Killed Blork the orc
  3128 | D:4      | Reached XP level 7. HP: 10/35 MP: 4/12
  3290 | D:4      | Noticed Edmund
  3373 | D:5      | Entered Level 5 of the Dungeon
  3495 | D:5      | Found an iron altar of Okawaru.
  3655 | D:5      | Found a hazy altar of Hepliaklqana.
  4009 | D:5      | Found a sacrificial altar of Ru.
  4060 | D:5      | Became a worshipper of Ru the Awakened
  4174 | D:6      | Gained mutation: You have razor-sharp teeth. [Vine Stalker
                  | growth]
  4174 | D:6      | Reached XP level 8. HP: 40/40 MP: 14/14
  4227 | D:6      | Found a staircase to the Ecumenical Temple.
  4236 | Temple   | Entered the Ecumenical Temple
  4849 | D:6      | Found a shattered altar of Ashenzari.
  4910 | D:6      | Found Zinluav's Magic Scroll Shop.
  5159 | D:7      | Found a sand-covered staircase.
  5163 | Ossuary  | Entered an ossuary
  5585 | Ossuary  | Gained mutation: You cannot read scrolls while threatened.
                  | [Ru sacrifice]
  5585 | Ossuary  | Reached * piety under Ru
  5739 | D:7      | Slain by a wyvern zombie

Skill      XL: |  1  2  3  4  5  6  7  8 |
---------------+-------------------------+-----
Armour         | 1 2 |  2.9
Stealth        | 1 2 3 4 |  4.3
Fighting       | 2 3 |  3.5
Long Blades    | 2 3 |  3.5
Dodging        | 2 3 |  3.2
Translocations | 1 2 3 |  3.0
Necromancy     | 1 2 3 |  3.0
Spellcasting   | 3 |  3.9
Charms         | 4 |  4.4

Action                   |  1- 3 |  4- 6 |  7- 9 || total
-------------------------+-------+-------+-------++-------
Melee: Falchion          |   130 |   196 |   319 ||   645
       Bite              |    31 |    67 |   134 ||   232
 Cast: Shroud of Golubri |     6 |    28 |    35 ||    69
       Regeneration      |       |     5 |    12 ||    17
       Infusion          |       |     1 |       ||     1
       Song of Slaying   |       |     2 |    10 ||    12
Invok: Sacrifice Words   |       |       |     1 ||     1
  Use: Scroll            |       |       |     7 ||     7
       Potion            |       |       |     3 ||     3
 Stab: Sleeping          |     2 |     2 |     4 ||     8
       Distracted        |       |       |     1 ||     1
  Eat: Chunk             |     6 |    14 |     9 ||    29
Armor: Leather armour    |    44 |    55 |   120 ||   219
       Skin              |       |       |     4 ||     4
Dodge: Dodged            |    92 |   123 |   243 ||   458
       Rpst.: Falchion   |    23 |    36 |    64 ||   123
